 Dungeon Crawl Stone Soup version 0.19.5 (webtiles) character file.

466 snowfan the Magician (level 6, 0/32 HPs)
             Began as a Deep Elf Fire Elementalist on Apr 8, 2017.
             Slain by a sky beast (5 damage)
             ... on level 5 of the Dungeon.
             The game lasted 00:21:00 (3405 turns).

snowfan the Magician (Deep Elf Fire Elementalist)   Turns: 3405, Time: 00:21:01

Health: 0/32       AC:  3    Str:  5    XL:     6   Next: 81%
Magic:  7/16       EV: 14    Int: 22    God:
Gold:   201        SH:  0    Dex: 15    Spells: 5 memorised, 3 levels left

rFire  . . .     SeeInvis .     p - +2 quarterstaff (protect)
rCold  . . .     Gourm    +     a - +0 robe
rNeg   . . .     Faith    .     (shield currently unavailable)
rPois  .         Spirit   .     (no helmet)
rElec  .         Reflect  .     (no cloak)
rCorr  .         Harm     .     (no gloves)
MR     .....                    x - +0 pair of boots
Stlth  ++........               y - amulet of the gourmand
                                (no ring)
                                (no ring)

@: very slightly contaminated
A: no striking features
a: no special abilities


You were on level 5 of the Dungeon.
You were not hungry.

You visited 1 branch of the dungeon, and saw 5 of its levels.

You collected 201 gold pieces.

Inventory:

Hand Weapons
 n - a +0 dagger
 p - a +2 quarterstaff of protection (weapon)
Armour
 a - a +0 robe (worn)
 x - a +0 pair of boots (worn)
Jewellery
 y - an amulet of the gourmand (around neck)
Scrolls
 d - 2 scrolls of teleportation {unknown}
 e - a scroll of amnesia {unknown}
 h - a scroll of remove curse {unknown}
 i - 2 scrolls of magic mapping {unknown}
 j - 2 scrolls of noise {unknown}
 l - a scroll of fear {unknown}
 q - a scroll of fog {unknown}
 r - 2 scrolls of recharging {unknown}
 u - 2 scrolls of identify {unknown}
Potions
 f - a potion of brilliance {unknown}
 g - a potion of might {unknown}
 k - a potion of ambrosia {unknown}
 m - a potion of haste {unknown}
 o - a potion of flight {unknown}
 v - a potion of lignification {unknown}
Books
 b - a book of Flames

   Spells                             Type                      Level
   a - Flame Tongue                   Conjuration/Fire             1
   b - Throw Flame                    Conjuration/Fire             2
   c - Conjure Flame                  Conjuration/Fire             3
   d - Inner Flame                    Hexes/Fire                   3
   e - Sticky Flame                   Conjuration/Fire             4
   f - Fireball                       Conjuration/Fire             5
Comestibles
 c - 3 bread rations
 s - a slice of pizza
 w - a royal jelly
 z - a chunk of flesh


   Skills:
 + Level 4.3 Dodging
 - Level 2.4 Stealth
 + Level 5.6 Spellcasting
 * Level 4.6 Conjurations
 + Level 4.7 Fire Magic


You had 3 spell levels left.
You knew the following spells:

 Your Spells              Type           Power        Failure   Level  Hunger
a - Flame Tongue          Conj/Fire      ####.        1%          1    None
c - Sticky Flame          Conj/Fire      ####....     14%         4    ####...
d - Conjure Flame         Conj/Fire      ####....     4%          3    ##.....
s - Throw Flame           Conj/Fire      ####..       1%          2    None
x - Inner Flame           Hex/Fire       ###.....     12%         3    ##.....


Dungeon Overview and Level Annotations

Branches:
Dungeon (5/15)
 Temple: D:4-7

Altars:
Elyvilon

Annotations:
D:4 Dowan, Duvessa, Pikel


Message History

You feel better. Something hits you.
* * * LOW HITPOINT WARNING * * *
Something shocks you.
* * * LOW HITPOINT WARNING * * *
Okay, then.
Casting: Flame Tongue
Confirm with . or Enter, or press ? or * to list all spells.
You can't see any susceptible monsters within range! (Use Z to cast anyway.) Unknown command.
Casting: Flame Tongue
Confirm with . or Enter, or press ? or * to list all spells.
Aiming: Flame Tongue
Press: ? - help, Shift-Dir - straight line The flame tongue hits something.
Something barely misses you.
Casting: Flame Tongue
Confirm with . or Enter, or press ? or * to list all spells.
Aiming: Flame Tongue
Press: ? - help, Shift-Dir - straight line The flame tongue hits something.
Something hits you.
You die...

. #######..
.........
#........
##%###{......#
#.<...@..#
#.......###
..##....#
###... ....
....#. ......
........


There were no monsters in sight!

Vanquished Creatures
  2 slaves (D:4)
  A phantom (D:4)
  4 hounds (D:4)
  2 centaur skeletons (D:4)
  2 worker ants (D:4)
  Natasha (D:3)
  Terence (D:3)
  4 adders
  A white imp (D:4)
  An adder skeleton (D:4)
  2 worms
  2 dart slugs
  A leopard gecko (D:2)
  A ball python (D:4)
  5 bats
  3 giant cockroaches
  7 hobgoblins
  A quokka (D:3)
  4 frilled lizards
  8 goblins
  10 kobolds
  10 rats
73 creatures vanquished.

Notes
Turn   | Place    | Note
-------+----------+-------------------------------------------
     0 | D:1      | snowfan the Deep Elf Fire Elementalist began the quest for the Orb.
     0 | D:1      | Reached XP level 1. HP: 10/10 MP: 6/6
   309 | D:1      | Reached XP level 2. HP: 15/15 MP: 5/8
   647 | D:2      | Reached XP level 3. HP: 19/19 MP: 6/10
   830 | D:2      | Reached skill level 4 in Spellcasting
   991 | D:2      | Reached XP level 4. HP: 24/24 MP: 8/12
  1401 | D:2      | Learned a level 3 spell: Conjure Flame
  1706 | D:3      | Noticed Terence
  1728 | D:3      | Killed Terence
  1906 | D:3      | Noticed Natasha
  1918 | D:3      | Killed Natasha
  2040 | D:3      | Reached XP level 5. HP: 28/28 MP: 10/14
  2265 | D:4      | Noticed a phantom
  2342 | D:4      | Noticed Pikel
  2361 | D:4      | Found a white marble altar of Elyvilon.
  2398 | D:4      | Noticed Duvessa
  2436 | D:4      | Noticed a slave
  2436 | D:4      | Noticed a slave
  2470 | D:4      | Killed a slave
  2729 | D:4      | Reached skill level 5 in Spellcasting
  2775 | D:4      | Noticed Dowan
  2897 | D:4      | Reached XP level 6. HP: 32/32 MP: 11/15
  3119 | D:4      | Killed a slave
  3298 | D:4      | Learned a level 2 spell: Throw Flame
  3302 | D:4      | Learned a level 3 spell: Inner Flame
  3307 | D:4      | Learned a level 4 spell: Sticky Flame
  3397 | D:5      | Entered Level 5 of the Dungeon
  3397 | D:5      | Noticed a sky beast
  3405 | D:5      | Slain by a sky beast

Skill      XL: |  1  2  3  4  5  6 |
---------------+-------------------+-----
Dodging        | 3 4 |  4.3
Spellcasting   | 4 5 |  5.6
Conjurations   | 2 3 4 |  4.6
Fire Magic     | 4 |  4.7
Stealth        | |  2.4

Action                   |  1- 3 |  4- 6 || total
-------------------------+-------+-------++-------
Melee: Unarmed           |     1 |       ||     1
       Dagger            |    12 |     7 ||    19
       Quarterstaff      |       |     2 ||     2
 Cast: Flame Tongue      |    60 |   114 ||   174
       Conjure Flame     |       |     2 ||     2
  Use: Potion            |       |     2 ||     2
 Stab: Sleeping          |     1 |     3 ||     4
  Eat: Chunk             |       |     8 ||     8
       Meat ration       |       |     1 ||     1
Armor: Robe              |     4 |     5 ||     9
Dodge: Dodged            |    30 |    30 ||    60
